 Dungeon Crawl Stone Soup version 0.27-a0-1565-gad902ab807 (webtiles) character file.

Game seed: 18087739880472686996

41467 gimp the Severer (level 14, -6/108 HPs)
             Began as a Formicid Wanderer on July 16, 2021.
             Was a High Priest of Okawaru.
             Mangled by an ettin (26 damage)
             ... on level 1 of the Orcish Mines.
             The game lasted 00:39:29 (23505 turns).

gimp the Severer (Formicid Wanderer)               Turns: 23505, Time: 00:39:30

Health: -6/108     AC: 24    Str: 24    XL:     14   Next: 50%
Magic:  15/20      EV: 14    Int: 10    God:    Okawaru [*****.]
Gold:   1826       SH:  0    Dex: 10    Spells: 12/13 levels left

rFire    . . .     SeeInvis +   y - +0 war axe (vamp)
rCold    + . .     Faith    .   (no shield)
rNeg     . . .     Spirit   .   O - +1 plate armour {rC+}
rPois    .         Reflect  .   (helmet unavailable)
rElec    .         Harm     .   P - +0 cloak {rCorr}
rCorr    +         Rampage  .   H - +0 pair of gloves
Will     +....                  i - +1 pair of boots
Stlth    ..........             (no amulet)
HPRegen  0.28/turn              m - +4 ring of evasion
MPRegen  0.17/turn              f - +4 ring of slaying

@: heroic, finesse-ful, studying Maces & Flails
A: permanent stasis, dig shafts and tunnels, antennae 3, four strong arms
a: Dig, Shaft Self, Renounce Religion, Heroism, Finesse


You were on level 1 of the Orcish Mines.
You worshipped Okawaru.
Okawaru was extremely pleased with you.
You visited 4 branches of the dungeon, and saw 18 of its levels.
You also visited: Bailey.

You collected 2151 gold pieces.
You spent 325 gold pieces at shops.

Inventory:

Hand Weapons
 a - a +0 hand axe of electrocution
 b - a +2 hand crossbow
 g - a +1 flail
 y - a +0 vampiric war axe (weapon)
Missiles
 h - 135 bolts
 u - 11 atropa-tipped darts (quivered)
 B - 9 throwing nets
Armour
 i - a +1 pair of boots (worn)
 E - a +3 chain mail
 H - a +0 pair of gloves (worn)
 O - a +1 plate armour of cold resistance (worn)
 P - a +0 cloak of preservation (worn)
Jewellery
 f - a +4 ring of slaying (right hand)
 k - a ring of positive energy
 m - a +4 ring of evasion (left hand)
 z - a ring of protection from cold
 I - a ring of magical power
 M - a ring of flight
Wands
 c - a wand of polymorph (19)
 d - a wand of iceblast (4)
 r - a wand of flame (10)
 A - a wand of mindburst (7)
 J - a wand of paralysis (5)
Scrolls
 e - 4 scrolls of enchant armour
 j - 2 scrolls of fear
 t - 2 scrolls of brand weapon
 w - 2 scrolls of fog
 x - 3 scrolls of identify
 F - 4 scrolls of magic mapping
Potions
 l - 2 potions of curing
 n - 4 potions of lignification
 o - a potion of heal wounds
 p - 2 potions of magic
 q - 5 potions of flight
 s - 5 potions of mutation
 C - a potion of ambrosia
 K - 3 potions of might
 L - a potion of resistance
 N - a potion of cancellation
Miscellaneous
 v - a box of beasts
 D - a condenser vane


   Skills:
 + Level 9.1(14.1) Fighting
 * Level 17.8(22.8) Axes
 - Level 1.0(6.0) Bows
 - Level 2.0(7.0) Crossbows
 - Level 1.0(6.0) Throwing
 - Level 11.0(16.0) Armour
 + Level 4.6(9.6) Dodging
 - Level 1.2(6.2) Stealth
 - Level 8.0 Invocations


You had 12 spell levels left.
You knew the following spells:

 Your Spells              Type           Power      Damage    Failure   Level
a - Freeze                Ice            0%         1d3       95%         1

Your spell library contained the following spells:

 Spells                   Type           Power      Damage    Failure   Level
 Magic Dart               Conj           0%         1d3       95%         1
 Searing Ray              Conj           0%         3d3       99%         2
 Slow                     Hex            0%         N/A       99%         2
 Dazzling Flash           Conj/Hex       0%         N/A       100%        3
 Frozen Ramparts          Ice            0%         1d2       100%        3
 Ignite Poison            Fire/Tmut/Pois 0%         N/A       100%        3
 Inner Flame              Hex/Fire       0%         N/A       100%        3
 Mephitic Cloud           Conj/Pois/Air  0%         N/A       100%        3
 Animate Dead             Necr           0%         N/A       100%        4
 Fulminant Prism          Conj/Hex       0%         3d6       100%        4
 Ice Form                 Ice/Tmut       0%         N/A       100%        4
 Iskenderun's Mystic Bla  Conj/Tloc      0%         2d3       100%        4
 Summon Ice Beast         Ice/Summ       0%         N/A       100%        4
 Alistair's Intoxication  Tmut/Pois      0%         N/A       100%        5
 Bolt of Magma            Conj/Fire/Erth 0%         4d4       100%        5
 Fireball                 Conj/Fire      0%         3d3       100%        5
 Starburst                Conj/Fire      0%         8x6d3     100%        6
 Haunt                    Necr/Summ      0%         N/A       100%        7
 Ignition                 Fire           0%         3d3       100%        8
 Infestation              Necr           0%         N/A       100%        8


Dungeon Overview and Level Annotations

Branches:
Dungeon (13/15)            Temple (1/1) D:7            Lair (3/6) D:8
    Orc (1/2) D:11         Bailey (visited)
  Swamp: Lair:2-4    Shoals: Lair:2-4     Snake: Lair:2-4    Spider: Lair:2-4
 Vaults: D:13-14

Altars:
Ashenzari
Cheibriados
Dithmenos
Elyvilon
Fedhas
Gozag
Hepliaklqana
Kikubaaqudgha
Makhleb
Nemelex Xobeh
Okawaru
Qazlal
Ru
Sif Muna
Trog
Uskayaw
Vehumet
Wu Jian
Xom
Yredelemnul
Zin
The Shining One

Shops:
D:8 =   D:11 *

Annotations:
D:3 3 runed translucent doors, flotson's ghost, amateur MiDe
D:12 3 runed translucent doors, mordus's ghost, journeyman DjCj
Lair:1 3 runed translucent doors, Daal's ghost, journeyman DEFE


Innate Abilities, Weirdness & Mutations

You cannot be hasted, slowed, berserked, paralysed or teleported.
You can dig through walls and to a lower floor.
You have a pair of large antennae on your head. (SInv)
Your four strong arms can wield two-handed weapons with a shield.


Message History

You closely miss the orc.
An orc priest comes into view.
It is wielding a +0 flail and wearing a +0 chain mail of poison resistance.
You slash the orc!
You feel better.
You kill the orc!
Your plate armour prevents you from hitting the orc.
Health restored: 108 You slash the two-headed ogre!
The two-headed ogre is moderately wounded.
You slash the orc!
You kill the orc!
You hit the two-headed ogre.
The two-headed ogre is moderately wounded.
The two-headed ogre barely misses you. The two-headed ogre closely misses you.
You slice the two-headed ogre!!
The two-headed ogre is severely wounded.
You hit the two-headed ogre but do no damage.
The two-headed ogre is severely wounded.
The orc warrior barely misses you.
You slash the two-headed ogre!
You kill the two-headed ogre!
Okawaru accepts your kill.
The orc warrior hits you from afar with a +0 trident!
You take 14 damage, and have 94/108 hp.
You slice the orc!!
You feel better.
You kill the orc!
You regained 3 hp, and now have 97/108 hp.
Found an escape hatch in the floor.
The ettin hits you with a +0 dire flail!!
The ettin hits you with a +0 dire flail!
The orc warrior hits you with a +0 trident!!
The orc priest closely misses you.
Items here: ))))) [[ †.
You take 62 damage, and have 35/108 hp.
MASSIVE DAMAGE!!
You are too injured to fight recklessly!
The orc warrior hits you from afar with a +0 trident!
* * * LOW HITPOINT WARNING * * *
You take 15 damage, and have 20/108 hp.
The orc warrior hits you but does no damage.
The ettin hits you with a +0 dire flail!!
You die...

.. .............#####
###.##............#
###.##.........#...##
................#...#
....#.......#...##.##
>...........#....#.#
.......o........#....
.......o).............
.......#C@#........#.#
.......###.....##..###
....... #.....# ...#
....... .....## ....
.#.#..# ##.#..# .#
#..... ###...# ##....
#.## ##


You could see an ettin, an orc warrior (strong) and an orc priest (strong).

Vanquished Creatures
  Gastronok (Lair:2)
  An orc warlord (D:11)
  Snorg (D:11)
  Erolcha (D:12)
  3 hydras
  3 two-headed ogres
  9 death yaks (D:11)
  3 orc knights
  An ugly thing (D:12)
  3 orc sorcerers
  A manticore (D:12)
  A cyclops (D:11)
  4 black mambas
  Joseph (D:10)
  2 gargoyles
  4 cane toads
  A rime drake (Lair:2)
  2 demonic crawlers (D:12)
  A rime drake (shapeshifter) (D:10)
  4 unseen horrors
  A komodo dragon (D:8)
  4 trolls
  A hornet (D:8)
  2 polar bears
  4 slime creatures (D:12)
  A tyrant leech (Lair:2)
  5 dream sheep (D:11)
  6 blink frogs (Lair:2)
  Sigmund (D:5)
  A vampire (D:10)
  A water elemental (D:12)
  Eustachio (D:5)
  A shadow (D:10)
  A basilisk (Lair:2)
  4 wraiths
  A wyvern (D:8)
  Grum (D:8)
  21 yaks
  4 humans (D:11)
  A steam dragon (D:9)
  2 wargs (D:11)
  A swamp worm (Lair:2)
  Duvessa (D:5)
  7 water moccasins
  An ice beast (D:7)
  13 orc warriors
  A sky beast (D:7)
  2 necrophages
  4 ogres
  13 centaurs
  2 wolves (D:8)
  A kobold brigand (D:9)
  4 bullfrogs
  8 gnoll sergeants (Bailey)
  6 scorpions
  Dowan (D:5)
  2 water moccasin skeletons (D:5)
  3 killer bees (D:9)
  8 wights
  3 howler monkeys
  4 jellies (D:12)
  4 centaur zombies
  5 hounds
  7 gnoll shamans
  Crazy Yiuf (D:5)
  A bullfrog skeleton (D:4)
  A centaur skeleton (D:5)
  9 iguanas
  9 orc priests
  Natasha (D:2)
  15 orc wizards
  2 hell rats (D:12)
  A killer bee zombie (D:7)
  2 howler monkey zombies
  19 gnolls
  A howler monkey skeleton (D:3)
  7 adders
  4 river rats (D:12)
  2 ufetubi
  2 adder skeletons (D:4)
  5 dart slugs
  75 orcs
  11 endoplasms
  8 giant cockroaches
  14 hobgoblins
  5 jackals
  4 quokkas
  18 ball pythons
  6 bats
  4 frilled lizards
  17 goblins
  7 kobolds
  18 rats
481 creatures vanquished.

Vanquished Creatures (others)
  A wizard (D:6)
  A human (D:11)
  An orc (Orc:1)
  7 fungi (Lair:2)
  8 plants (Lair:2)
18 creatures vanquished.

Grand Total: 499 creatures vanquished

Notes
Turn   | Place    | Note
-------+----------+-------------------------------------------
     0 | D:1      | gimp the Formicid Wanderer began the quest for the Orb.
     0 | D:1      | gimp set off with the following items: a +2 hand crossbow,
                  | 21 bolts, a +0 robe; and the following spell memorised:
                  | Freeze; and the following spells available to memorise:
                  | Frozen Ramparts
     0 | D:1      | Reached XP level 1. HP: 20/20 MP: 1/1
    97 | D:1      | Reached XP level 2. HP: 26/26 MP: 2/2
   474 | D:1      | Reached XP level 3. HP: 32/32 MP: 3/3
   523 | D:1      | Reached skill level 5 in Fighting
   870 | D:2      | Reached skill level 1 in Axes
   870 | D:2      | Reached XP level 4. HP: 38/39 MP: 4/4
  1056 | D:2      | Noticed Natasha
  1064 | D:2      | Killed Natasha
  1203 | D:2      | Reached skill level 2 in Axes
  1205 | D:2      | Reached XP level 5. HP: 44/44 MP: 5/5
  2185 | D:3      | Found a runed translucent gate.
  2185 | D:3      | Found a runed translucent gate.
  2185 | D:3      | Found a runed translucent gate.
  2295 | D:3      | Noticed flotson's ghost (amateur MiDe)
  2377 | D:4      | Reached skill level 3 in Axes
  2377 | D:4      | Reached XP level 6. HP: 50/51 MP: 6/6
  2976 | D:4      | Found a radiant altar of Vehumet.
  3223 | D:4      | Reached XP level 7. HP: 51/57 MP: 7/7
  3227 | D:4      | Reached skill level 4 in Axes
  3758 | D:5      | Entered Level 5 of the Dungeon
  3911 | D:5      | Found a runed translucent door.
  3912 | D:5      | Noticed Crazy Yiuf
  3958 | D:5      | Reached skill level 5 in Axes
  3973 | D:5      | Found a hide-covered altar of Uskayaw.
  4068 | D:5      | Reached XP level 8. HP: 24/65 MP: 8/8
  4071 | D:5      | Reached skill level 5 in Armour
  4466 | D:5      | Found a hazy altar of Hepliaklqana.
  4539 | D:5      | Noticed Eustachio
  4541 | D:5      | Noticed Duvessa
  4559 | D:5      | Noticed Dowan
  4567 | D:5      | Killed Eustachio
  4568 | D:5      | Reached skill level 6 in Axes
  4790 | D:6      | Found a bloodstained altar of Trog.
  4791 | D:6      | Noticed a wizard
  4845 | D:6      | Killed a wizard
  4866 | D:6      | Found a broken altar of Ashenzari.
  5291 | D:6      | Got Sif Muna's Volume of Hexes and Intoxication
  5374 | D:6      | Reached skill level 7 in Axes
  5473 | D:6      | Reached XP level 9. HP: 57/72 MP: 9/9
  6404 | D:7      | Reached skill level 8 in Axes
  6783 | D:7      | Found a shimmering altar of Xom.
  6796 | D:7      | Found a staircase to the Ecumenical Temple.
  7174 | Temple   | Entered the Ecumenical Temple
  7446 | D:8      | Noticed a hornet
  7462 | D:8      | Reached skill level 9 in Axes
  7471 | D:8      | Killed a hornet
  7598 | D:8      | Noticed an unseen horror
  7607 | D:8      | Killed an unseen horror
  7608 | D:8      | Reached skill level 10 in Axes
  7608 | D:8      | Reached XP level 10. HP: 70/79 MP: 10/10
  7698 | D:8      | Noticed a two-headed ogre
  7707 | D:8      | Killed a two-headed ogre
  7708 | D:8      | Reached skill level 11 in Axes
  7898 | D:8      | Noticed Grum
  7919 | D:8      | Killed Grum
  8252 | D:8      | Found a staircase to the Lair.
  8286 | D:8      | Found Nufuamea's Jewellery Shop.
  8294 | D:8      | Bought a ring of protection from cold for 325 gold pieces
  8421 | D:9      | Reached skill level 12 in Axes
  8537 | D:9      | Found a flagged portal.
  8560 | Bailey   | Entered a bailey
  8720 | Bailey   | HP: 1/79 [gnoll sergeant (5)]
  9706 | Bailey   | Reached XP level 11. HP: 73/84 MP: 11/11
 10193 | D:9      | Found a shimmering blue altar of Sif Muna.
 10375 | D:10     | Entered Level 10 of the Dungeon
 10436 | D:5      | Found a stormy altar of Qazlal.
 10471 | D:5      | Noticed Sigmund
 10478 | D:5      | Killed Sigmund
 10479 | D:5      | Reached skill level 13 in Axes
 10504 | D:5      | Killed Dowan
 10508 | D:5      | Killed Duvessa
 10814 | D:5      | Killed Crazy Yiuf
 10928 | D:10     | Noticed Joseph
 11079 | D:10     | Killed Joseph
 11559 | D:10     | Found an iron altar of Okawaru.
 11561 | D:10     | Found a white marble altar of Elyvilon.
 11635 | D:10     | Became a worshipper of Warmaster Okawaru
 11686 | D:10     | Found an ornate altar of the Wu Jian Council.
 11861 | D:10     | Found a blossoming altar of Fedhas.
 11995 | D:10     | Found a glowing silver altar of Zin.
 12200 | D:11     | Noticed a five-headed hydra
 12278 | Lair:1   | Entered Level 1 of the Lair of Beasts
 12292 | D:8      | Reached skill level 1 in Invocations
 12486 | D:8      | You fall into a shaft and drop 1 floor!
 13069 | D:8      | Reached * piety under Okawaru
 13224 | Lair:1   | Reached skill level 14 in Axes
 13992 | Lair:1   | Noticed Daal's ghost (journeyman DEFE)
 13995 | Lair:1   | Found a runed translucent gate.
 13995 | Lair:1   | Found a runed translucent gate.
 13995 | Lair:1   | Found a runed translucent gate.
 14515 | Lair:2   | Reached ** piety under Okawaru
 14771 | Lair:2   | Reached XP level 12. HP: 86/91 MP: 13/15
 14890 | Lair:2   | Noticed Gastronok
 14912 | Lair:2   | Killed Gastronok
 14912 | Lair:2   | Reached *** piety under Okawaru
 14913 | Lair:2   | Reached skill level 5 in Invocations
 15013 | Lair:2   | Reached **** piety under Okawaru
 15361 | Lair:2   | Reached skill level 15 in Axes
 16413 | Lair:2   | Noticed a four-headed hydra
 16552 | Lair:2   | Killed a four-headed hydra
 16553 | Lair:2   | Reached skill level 10 in Armour
 16895 | Lair:2   | Noticed a six-headed hydra
 16924 | Lair:3   | Noticed an eight-headed hydra
 17227 | D:11     | Noticed a death yak
 17227 | D:11     | Noticed a death yak
 17228 | D:11     | Noticed a death yak
 17228 | D:11     | Noticed a death yak
 17228 | D:11     | Noticed a death yak
 17228 | D:11     | Noticed a death yak
 17234 | D:11     | Noticed Snorg
 17240 | D:11     | You fall into a shaft and drop 1 floor!
 17524 | D:12     | Found a runed translucent gate.
 17524 | D:12     | Noticed mordus's ghost (journeyman DjCj)
 17525 | D:12     | Found a runed translucent gate.
 17526 | D:12     | Found a runed translucent gate.
 17536 | D:12     | Noticed a two-headed ogre
 17691 | D:12     | Killed a two-headed ogre
 17715 | D:12     | Noticed Erolcha
 17720 | D:12     | Killed Erolcha
 17720 | D:12     | Reached ***** piety under Okawaru
 17721 | D:12     | Reached XP level 13. HP: 96/96 MP: 18/18
 18320 | D:11     | Received a gift from Okawaru
 18452 | D:11     | You fall into a shaft and drop 2 floors!
 18511 | D:12     | Noticed a seven-headed hydra
 18620 | D:12     | Reached skill level 16 in Axes
 19341 | D:11     | Found a staircase to the Orcish Mines.
 19424 | Orc:1    | Entered Level 1 of the Orcish Mines
 19425 | Orc:1    | Noticed an orc warlord
 19476 | D:11     | Killed Snorg
 20081 | D:11     | Killed an orc warlord
 20082 | D:11     | Reached skill level 1 in Dodging
 20347 | D:11     | Killed a six-headed hydra
 21194 | D:11     | Found Dympoeb's Assorted Antiques.
 21309 | D:11     | Reached skill level 17 in Axes
 21336 | D:11     | Received a gift from Okawaru
 21368 | D:11     | Reached XP level 14. HP: 78/104 MP: 17/20
 22052 | D:12     | Received a gift from Okawaru
 23225 | Orc:1    | Received a gift from Okawaru
 23505 | Orc:1    | Mangled by an ettin

Illustrated notes

Levels and vault maps discovered:
D:1:      ncdulo_wetmaze, layout_loops_ring, minmay_close_crescents
D:2:      layout_rooms, chequers_serial_rivers_large_b,
          minmay_goblin_kobold_house, uniq_natasha
D:3:      layout_basic, ebering_ghost_rock_garden
D:4:      layout_cave_pods, nicolae_vehumet_radiance, minmay_manual_monstrance
D:5:      layout_gridville, lemuel_round_altar, nicolae_uskayaw_suspiria,
          grunt_qazlal_sundering, serial_glass, glass_columns_a,
          glass_columns_b, item_on_display_a, item_on_display_a, uniq_eustachio,
          uniq_crazy_yiuf_cottage, uniq_duvessa, uniq_sigmund
D:6:      layout_basic, trog_wizard, ashenzari_altar_1
D:7:      layout_basic, lemuel_crystal_altar, temple_fountains
D:8:      layout_rooms, lair_entry_dummy, serial_shops, nicolae_shop_trees,
          uniq_grum
D:9:      layout_big_octagon, mainiacjoe_overflow_surrounded_room,
          enter_bailey_5
D:10:     layout_irregular_city, nzn_wu_jian_contemplation, zin_scriptorium,
          okawaru_gym_becter, elyvilon_altar_4, fedhas_altar_4,
          eino_small_chamber_without_monster, uniq_joseph
D:11:     slaughterhouse, layout_gridville, serial_shops,
          nicolae_shop_statue_plus, uniq_snorg
D:12:     layout_basic, gammafunk_ghost_nasty_kobolds, minivault_23,
          nicolae_water_bricks, hangedman_parallel_progression, uniq_erolcha
D:13:     layout_loops_cross, ximxim_vaults_locker_room, uniq_sonja
Temple:   compressed_dpeg_triangle_lava_temple
Lair:1:   layout_gridlike, gammafunk_ghost_split, lemuel_fruit_tree,
          grunt_megastairs_3
Lair:2:   layout_small_grid, palyth_hydra_swamp_entry,
          grunt_forest_large_clearing_hut, uniq_gastronok
Lair:3:   layout_gridlike, lemuel_old_faithful, grunt_megastairs_4,
          minmay_lair_oklob_chamber, serial_bayou_shore_a, uniq_prince_ribbit2
Orc:1:    layout_caves

Skill      XL: |  1  2  3  4  5  6  7  8  9 10 11 12 13 14 |
---------------+-------------------------------------------+-----
Armour         | 2 3 4 6 7 9 10 11 | 11.0
Fighting       | 5 6 7 9 |  9.1
Axes           | 1 2 3 5 7 10 12 14 15 17 | 17.8
Invocations    | 4 7 8 |  8.0
Dodging        | 2 4 |  4.6
Bows           | |  1.0
Crossbows      | |  2.0
Throwing       | |  1.0
Stealth        | |  1.2

Action                   |  1- 3 |  4- 6 |  7- 9 | 10-12 | 13-15 || total
-------------------------+-------+-------+-------+-------+-------++-------
Melee: Flail             |     2 |   201 |   100 |     2 |    12 ||   317
       Hand axe          |       |       |   190 |   667 |   340 ||  1197
       Punch             |       |       |       |     3 |     5 ||     8
       War axe           |       |       |       |       |   270 ||   270
 Fire: Hand crossbow     |    50 |       |     8 |       |       ||    58
Invok: Heroism           |       |       |       |     3 |    10 ||    13
       Finesse           |       |       |       |       |     4 ||     4
 Abil: Dig               |     2 |     7 |    14 |    17 |     8 ||    48
       Shaft Self        |       |       |       |     2 |     1 ||     3
Evoke: Wand              |       |       |     1 |    29 |     9 ||    39
       Condenser vane    |       |       |       |     2 |       ||     2
       Box of beasts     |       |       |       |     1 |       ||     1
  Use: Scroll            |       |    11 |     5 |     6 |     1 ||    23
       Potion            |       |       |     3 |     2 |     2 ||     7
 Stab: Distracted        |       |       |       |     1 |       ||     1
       Paralysed         |       |       |       |     5 |    15 ||    20
Armor: Robe              |     1 |       |       |       |       ||     1
       Scale mail        |     4 |    74 |       |       |       ||    78
       Chain mail        |       |     5 |   168 |   253 |   118 ||   544
       Skin              |       |       |    21 |       |       ||    21
       Plate armour      |       |       |       |    13 |   140 ||   153
Dodge: Dodged            |    11 |   159 |   229 |   314 |   277 ||   990

Table legend: (Time is in decaauts)
 A = Elapsed time spent in this place.
 B = Non-inter-level travel time spent in this place.
 C = Inter-level travel time spent in this place.
 D = Time resting spent in this place.
 E = Time spent auto-exploring this place.
 F = Levels seen in this place.
 G = Mean time per level.
                   A        B        C        D        E       F      G
               +--------+--------+--------+--------+--------+-----+--------+
         Total |  23183 |  22441 |    742 |   4014 |  14003 |  19 | 1220.2 |
       Dungeon |  17503 |  16832 |    671 |   3728 |   9760 |  13 | 1346.4 |
        Temple |    229 |    226 |      3 |      0 |    224 |   1 |  229.0 |
          Lair |   3432 |   3366 |     66 |    224 |   2627 |   3 | 1144.0 |
  Orcish Mines |    502 |    501 |      1 |      0 |    305 |   1 |  502.0 |
        Bailey |   1516 |   1516 |      0 |     62 |   1087 |   1 | 1516.0 |
               +--------+--------+--------+--------+--------+-----+--------+

Top non-repeatable levels by time:
    D:11: 3156 daAuts
    D:12: 2554 daAuts
  Lair:2: 2418 daAuts
     D:8: 1817 daAuts
  Bailey: 1516 daAuts
     D:4: 1483 daAuts
     D:7: 1424 daAuts
     D:6: 1310 daAuts
     D:5: 1245 daAuts
    D:10: 1160 daAuts
  Lair:1: 1011 daAuts
     D:9: 936 daAuts
     D:2: 809 daAuts
     D:1: 804 daAuts
     D:3: 794 daAuts
